2915 views
Uploaded 2020-02-22 17:23:19
Game version 1.32 / 1.32.1
25:47 long 1on1 ladder game on (4)TurtleRock
Saved by TALONSARIMBA
2915 views
Uploaded 2020-02-22 17:23:19
Game version 1.32 / 1.32.1
25:47 long 1on1 ladder game on (4)TurtleRock

62 units @ 8.3k
/ 1.1k
15 buildings @ 2.3k
/ 0.8k



| Healing Salve | 3 | 300 |
| Potion of Mana | 2 | 400 |
| Lesser Clarity Potion | 2 | 140 |
| total: | 7 | 840g |
| Peon | 7 | 525 | / | 0 |
| Troll Headhunter | 54 | 7560 | / | 1080 |
| Demolisher | 1 | 220 | / | 50 |
| total: | 62 | 8305g | / | 1130w |
| Watch Tower | 2 | 220 | / | 160 |
| Altar of Storms | 1 | 180 | / | 50 |
| Orc Burrow | 6 | 960 | / | 240 |
| War Mill | 1 | 205 | / | 0 |
| Barracks | 1 | 180 | / | 50 |
| Voodoo Lounge | 2 | 260 | / | 60 |
| Beastiary | 2 | 290 | / | 280 |
| Stronghold | 1 | 315 | / | 190 |
| Fortress | 1 | 325 | / | 190 |
| total: | 15 | 2295g | / | 840w |
| 0:04 | Altar of Storms |
| 0:07 | Orc Burrow |
| 0:07 | Peon |
| 0:23 | War Mill |
| 0:37 | Peon |
| 0:53 | Peon |
| 1:04 | Barracks |
| 1:13 | Peon |
| 1:29 | Peon |
| 1:44 | Peon |
| 1:56 | Orc Burrow |
| 2:07 | Orc Burrow |
| 2:09 | Feral Spirit |
| 2:10 | Troll Headhunter |
| 2:21 | Voodoo Lounge |
| 2:43 | Troll Headhunter |
| 3:00 | Troll Headhunter |
| 3:25 | Troll Headhunter |
| 3:25 | Troll Headhunter |
| 3:38 | Orc Burrow |
| 4:09 | Peon |
| 4:12 | Healing Salve |
| 4:32 | Stronghold |
| 4:54 | Troll Headhunter |
| 5:11 | Troll Headhunter |
| 5:35 | Troll Headhunter |
| 5:48 | Troll Headhunter |
| 6:04 | Troll Headhunter |
| 6:20 | Troll Headhunter |
| 6:33 | Troll Headhunter |
| 6:43 | Troll Headhunter |
| 6:56 | Troll Headhunter |
| 7:04 | Troll Headhunter |
| 7:13 | Chain Lighting |
| 7:19 | Troll Headhunter |
| 8:12 | Troll Headhunter |
| 8:26 | Troll Headhunter |
| 8:29 | Orc Burrow |
| 9:05 | Serpent Ward |
| 9:10 | Troll Headhunter |
| 9:29 | Troll Headhunter |
| 9:54 | Troll Headhunter |
| 10:09 | Troll Headhunter |
| 10:11 | Troll Headhunter |
| 10:27 | Troll Headhunter |
| 10:39 | Troll Headhunter |
| 10:50 | Troll Headhunter |
| 11:01 | Troll Headhunter |
| 11:17 | Troll Headhunter |
| 11:25 | Troll Headhunter |
| 11:29 | Fortress |
| 11:47 | Healing Wave |
| 11:51 | Troll Headhunter |
| 12:03 | Feral Spirit |
| 12:07 | Troll Headhunter |
| 13:01 | Troll Headhunter |
| 13:30 | Troll Headhunter |
| 13:59 | Troll Headhunter |
| 14:09 | Troll Headhunter |
| 14:23 | Troll Headhunter |
| 14:50 | Troll Headhunter |
| 14:59 | Serpent Ward |
| 15:32 | Troll Headhunter |
| 15:44 | Shockwave |
| 15:51 | Troll Headhunter |
| 16:03 | Troll Headhunter |
| 16:10 | Chain Lighting |
| 16:16 | Troll Headhunter |
| 16:21 | Troll Headhunter |
| 16:35 | Troll Headhunter |
| 16:48 | Troll Headhunter |
| 17:40 | Troll Headhunter |
| 17:41 | Troll Headhunter |
| 17:44 | Beastiary |
| 17:45 | Beastiary |
| 18:20 | Voodoo Lounge |
| 18:32 | Troll Headhunter |
| 18:54 | Troll Headhunter |
| 19:19 | Healing Wave |
| 19:22 | Orc Burrow |
| 19:32 | Potion of Mana |
| 19:35 | Watch Tower |
| 19:59 | Healing Salve |
| 20:05 | Potion of Mana |
| 20:21 | Troll Headhunter |
| 20:35 | Endurance Aura |
| 20:38 | Troll Headhunter |
| 20:41 | Watch Tower |
| 21:01 | Troll Headhunter |
| 21:05 | Lesser Clarity Potion |
| 21:08 | Troll Headhunter |
| 21:23 | Troll Headhunter |
| 21:37 | Troll Headhunter |
| 21:59 | Healing Salve |
| 22:44 | Demolisher |
| 22:53 | Feral Spirit |
| 24:06 | Lesser Clarity Potion |
| 25:35 | Serpent Ward |
| Right click | 1972 |
| Select | 1047 |
| Misc. action | 444 |
| Select group | 304 |
| Build/train/purchase | 155 |
| Use ability | 76 |
| Assign group | 75 |
| Chat | 36 |
| Esc | 2 |
| Item give/drop | 1 |
48 units @ 5k
/ 0.5k
25 buildings @ 3.5k
/ 1.7k


| Healing Salve | 5 | 500 |
| Lesser Clarity Potion | 3 | 210 |
| total: | 8 | 710g |
| Peon | 30 | 2250 | / | 0 |
| Raider | 5 | 900 | / | 200 |
| Shaman | 11 | 1430 | / | 220 |
| Kodo Beast | 1 | 255 | / | 60 |
| Troll Witch Doctor | 1 | 145 | / | 25 |
| total: | 48 | 4980g | / | 505w |
| Watch Tower | 9 | 990 | / | 720 |
| Altar of Storms | 3 | 540 | / | 150 |
| Orc Burrow | 5 | 800 | / | 200 |
| Voodoo Lounge | 3 | 390 | / | 90 |
| War Mill | 1 | 205 | / | 0 |
| Beastiary | 2 | 290 | / | 280 |
| Spirit Lodge | 2 | 300 | / | 300 |
| Stronghold | 2 | 630 | / | 380 |
| total: | 25 | 3515g | / | 1740w |
| 0:03 | Peon |
| 0:03 | Peon |
| 0:06 | Altar of Storms |
| 0:18 | Orc Burrow |
| 0:20 | Peon |
| 0:34 | Peon |
| 0:49 | Voodoo Lounge |
| 0:52 | Peon |
| 1:05 | War Mill |
| 1:13 | Peon |
| 1:22 | Peon |
| 1:32 | Peon |
| 1:35 | Peon |
| 2:07 | Healing Salve |
| 2:13 | Feral Spirit |
| 2:21 | Stronghold |
| 4:11 | Orc Burrow |
| 4:12 | Orc Burrow |
| 4:42 | Beastiary |
| 4:44 | Beastiary |
| 4:49 | Spirit Lodge |
| 5:44 | Spirit Lodge |
| 5:49 | Raider |
| 5:50 | Raider |
| 5:50 | Ensnare |
| 6:24 | Healing Wave |
| 7:11 | Chain Lighting |
| 7:26 | Shaman |
| 7:26 | Shaman |
| 7:48 | Raider |
| 7:49 | Raider |
| 8:04 | Healing Salve |
| 8:33 | Raider |
| 9:10 | Kodo Beast |
| 9:14 | Voodoo Lounge |
| 9:27 | Shaman Adept Training |
| 9:33 | Orc Burrow |
| 9:34 | Orc Burrow |
| 9:50 | Reinforced Defenses |
| 10:28 | Peon |
| 10:28 | Peon |
| 10:49 | Serpent Ward |
| 11:28 | Shaman |
| 11:43 | Peon |
| 11:53 | Peon |
| 11:53 | Peon |
| 11:54 | Peon |
| 12:16 | Watch Tower |
| 12:29 | Shaman |
| 12:29 | Shaman |
| 12:32 | Watch Tower |
| 12:44 | Peon |
| 12:52 | Watch Tower |
| 13:11 | Peon |
| 13:12 | Peon |
| 13:26 | Shaman |
| 13:29 | Watch Tower |
| 13:31 | Peon |
| 13:31 | Peon |
| 14:03 | Feral Spirit |
| 14:33 | Peon |
| 14:33 | Peon |
| 14:33 | Peon |
| 14:59 | Watch Tower |
| 15:13 | Watch Tower |
| 15:18 | Peon |
| 15:18 | Peon |
| 15:18 | Peon |
| 16:24 | Peon |
| 16:24 | Peon |
| 16:24 | Peon |
| 16:25 | Peon |
| 16:40 | Chain Lighting |
| 17:03 | Watch Tower |
| 17:07 | Shaman |
| 17:37 | Watch Tower |
| 17:40 | Troll Witch Doctor |
| 17:41 | Shaman |
| 18:04 | Shaman |
| 18:06 | Serpent Ward |
| 18:39 | Voodoo Lounge |
| 19:22 | Shaman |
| 19:22 | Shaman |
| 20:03 | Watch Tower |
| 22:00 | Healing Salve |
| 22:01 | Lesser Clarity Potion |
| 23:35 | Lesser Clarity Potion |
| 23:35 | Healing Salve |
| 23:44 | Altar of Storms |
| 23:52 | Altar of Storms |
| 24:59 | Healing Salve |
| 25:00 | Lesser Clarity Potion |
| Right click | 1086 |
| Select | 518 |
| Select group | 359 |
| Build/train/purchase | 150 |
| Assign group | 111 |
| Misc. action | 96 |
| Use ability | 80 |
| Chat | 22 |
| Esc | 9 |
⇛